 Dungeon Crawl Stone Soup version 0.31.0-9-g3a7656b989 (webtiles) character file.

Game seed: 1022374736859380694

844 qw the Skirmisher (level 7, 0/41 HPs)
             Began as a Deep Elf Hunter on Feb 2, 2024.
             Slain by a gnoll
             ... wielding a +0 flail
             ... led by a gnoll sergeant
              (8 damage)
             ... on level 4 of the Dungeon.
             The game lasted 00:00:12 (2387 turns).

qw the Skirmisher (Deep Elf Hunter)                 Turns: 2387, Time: 00:00:12

Health: 0/41       AC: 13    Str: 10    XL:     7   Next: 68%
Magic:  9/9        EV: 11    Int: 14    God:
Gold:   140        SH:  0    Dex: 18    Spells: 6/6 levels left

rFire   . . .        a - +2 shortbow
rCold   . . .        (shield currently unavailable)
rNeg    . . .        e - +0 ring mail
rPois   .            g - +1 helmet
rElec   .            (no cloak)
rCorr   +            i - +0 pair of gloves
SInv    .            d - +4 pair of boots of Elitism {Slay+3}
Will    .....        (no amulet)
Stlth   +            j - ring of resist corrosion
HPRegen 0.26/turn    (no ring)
MPRegen 0.11/turn

%: no passive effects
@: no status effects
A: no striking features
a: no special abilities


You were on level 4 of the Dungeon.
You visited 1 branch of the dungeon, and saw 4 of its levels.

You collected 140 gold pieces.


   Skills:
 - Level 3.6 Fighting
 + Level 10.6 Ranged Weapons
 - Level 1.8 Armour
 - Level 3.2 Dodging
 - Level 1.2 Stealth


You had 6 spell levels left.
You didn't know any spells.
Your spell library was empty.

Inventory:

Hand Weapons
 a - a +2 shortbow (weapon)
Armour
 d - the +4 pair of boots of Elitism (worn) {Slay+3}
   (You found it on level 3 of the Dungeon)

   Slay+3:    It affects your accuracy & damage with ranged weapons and melee
   (+3).
 e - a +0 ring mail (worn)
 g - a +1 helmet (worn)
 i - a +0 pair of gloves (worn)
Jewellery
 j - a ring of resist corrosion (left hand)
Potions
 b - a potion of heal wounds {unknown}
 c - a potion of cancellation
 f - a potion of attraction {unknown}

Dungeon Overview and Level Annotations

Branches:
Dungeon (4/15)
 Temple: D:4-7

Altars:

Shops:
D:1 !   D:2 =

Annotations:
D:4 Menkaure


Message History

You kill the gnoll!
You start resting.
A gnoll sergeant is nearby!
You shoot an arrow.
The arrow barely misses the gnoll sergeant.
The gnoll sergeant hits you from afar with a +0 spear.
You shoot an arrow. The arrow hits the gnoll sergeant!
The gnoll sergeant is moderately wounded.
The gnoll sergeant misses you.
You shoot an arrow.
The arrow hits the gnoll sergeant but does no damage.
The gnoll sergeant is moderately wounded.
The gnoll sergeant closely misses you.
You shoot an arrow.
The arrow hits the gnoll sergeant but does no damage.
The gnoll sergeant is moderately wounded.
The gnoll sergeant hits you from afar with a +0 spear.
You shoot an arrow.
The arrow barely misses the gnoll sergeant.
The gnoll sergeant closely misses you.
You shoot an arrow.
The arrow hits the gnoll sergeant but does no damage.
The gnoll sergeant is moderately wounded.
The gnoll sergeant closely misses you.
You shoot an arrow. The arrow hits the gnoll sergeant.
The gnoll sergeant is heavily wounded.
The gnoll sergeant hits you from afar with a +0 spear.
You shoot an arrow. The arrow hits the gnoll sergeant!
The gnoll sergeant is almost dead.
The gnoll sergeant hits you from afar with a +0 spear!
You shoot an arrow. The arrow hits the gnoll sergeant!
You kill the gnoll sergeant!
You shoot an arrow. The arrow hits the gnoll.
The gnoll is heavily wounded.
You shoot an arrow. The arrow hits the gnoll.
The gnoll is severely wounded.
The gnoll closely misses you.
You shoot an arrow. The arrow barely misses the gnoll.
The gnoll hits you with a +0 flail!
You die...

#### ..... . ...M. ###
. ...... ... ######.
......###.#######......
............... .......
#M# #..... ##g# ##>....
#@.## ##...<## #...#
####.....#.
##.#.####....#.....
#..#......#........
#.##...............
#.##..#.##%........
#.###.#.##.#.#.....
##.###.#.##.........
#........#..........


You could see Menkaure and a gnoll.

Vanquished Creatures
  Grinder (D:3)
  A black bear (D:3)
  A gnoll sergeant (D:4)
  3 scorpions (D:4)
  A hound (D:3)
  A jelly (D:4)
  An orc priest (D:4)
  Jessica (D:3)
  An orc wizard (D:4)
  Robin (D:2)
  A gnoll (D:4)
  7 adders
  2 ufetubi (D:3)
  A dart slug (D:2)
  2 ribbon worms
  6 orcs
  3 endoplasms
  4 giant cockroaches
  16 goblins
  3 hobgoblins
  4 jackals (D:3)
  A kobold (D:2)
  4 quokkas
  12 ball pythons
  7 bats
  2 frilled lizards (D:1)
  8 rats
95 creatures vanquished.

Notes
Turn   | Place    | Note
-------+----------+-------------------------------------------
     0 | D:1      | qw the Deep Elf Hunter began the quest for the Orb.
     0 | D:1      | Reached XP level 1. HP: 12/12 MP: 3/3
     0 | D:1      | 0 ||| qw: Version: 0.3-a-155-g5e7d8dd
     0 | D:1      | 0 ||| qw: Game counter: 2219
     0 | D:1      | 0 ||| qw: Melee chars always use a shield: true
     0 | D:1      | 0 ||| qw: God list: Okawaru
     0 | D:1      | 0 ||| qw: Allow faded altars: false
     0 | D:1      | 0 ||| qw: Do Orc after clearing Dungeon:15 true
     0 | D:1      | 0 ||| qw: Do second Lair branch before Depths: true
     0 | D:1      | 0 ||| qw: Lair rune preference: random
     0 | D:1      | 0 ||| qw: Goals: Normal
     0 | D:1      | 0 ||| PLANNING D:1-11
    30 | D:1      | Found Ijonkiy's Distillery.
    34 | D:1      | 34 ||| RETREEEEATING.
    36 | D:1      | 36 ||| RETREEEEATING.
    38 | D:1      | 38 ||| RETREEEEATING.
    64 | D:1      | 64 ||| SHOPLISTING 2 potions of haste (260 gold, have 6).
    64 | D:1      | 64 ||| SHOPLISTING potion of heal wounds (65 gold, have 6).
    64 | D:1      | 64 ||| SHOPLISTING potion of might (52 gold, have 6).
    64 | D:1      | 64 ||| SHOPLISTING potion of mutation (104 gold, have 6).
    94 | D:1      | Reached XP level 2. HP: 15/16 MP: 4/4
   110 | D:1      | Reached skill level 6 in Ranged Weapons
   601 | D:1      | 601 ||| UPGRADING to +0 scale mail.
   611 | D:1      | 611 ||| DROPPING +0 leather armour.
   612 | D:1      | 612 ||| UPGRADING to +0 ring mail.
   622 | D:1      | 622 ||| DROPPING +0 scale mail.
   623 | D:1      | 623 ||| UPGRADING to +1 helmet.
   628 | D:1      | 628 ||| READING scroll labelled BEXUETASUTZ.
   729 | D:1      | 729 ||| READING scroll labelled ISMARIARCHI.
   729 | D:1      | 729 ||| ENCHANTING +0 shortbow.
   730 | D:1      | 730 ||| READING 3 scrolls labelled COXZENUILEI.
   731 | D:1      | 731 ||| DROPPING scroll of butterflies.
   732 | D:1      | 732 ||| DROPPING 2 scrolls of revelation.
   780 | D:2      | Found Afosaegy's Jewellery Boutique.
   784 | D:2      | 784 ||| SHOPLISTING +5 ring of evasion (468 gold, have 66).
   784 | D:2      | 784 ||| SHOPLISTING +6 ring of dexterity (468 gold, have
                  | 66).
   784 | D:2      | 784 ||| SHOPLISTING ring of fire (325 gold, have 66).
   784 | D:2      | 784 ||| SHOPLISTING ring of poison resistance (260 gold,
                  | have 66).
   803 | D:2      | Reached XP level 3. HP: 20/20 MP: 5/5
   930 | D:2      | Reached skill level 7 in Ranged Weapons
  1015 | D:2      | Reached XP level 4. HP: 18/25 MP: 6/6
  1133 | D:2      | 1133 ||| READING scroll of enchant weapon.
  1133 | D:2      | 1133 ||| ENCHANTING +1 shortbow.
  1148 | D:2      | Noticed Robin
  1158 | D:2      | Killed Robin
  1296 | D:2      | 1296 ||| UPGRADING to +0 pair of gloves.
  1301 | D:2      | 1301 ||| UPGRADING to ring of resist corrosion.
  1302 | D:2      | 1302 ||| READING 2 scrolls labelled XIMAESSATUE.
  1302 | D:2      | 1302 ||| IDENTIFYING bubbling amethyst potion
  1303 | D:2      | 1303 ||| READING scroll of identify.
  1303 | D:2      | 1303 ||| IDENTIFYING cyan potion
  1304 | D:2      | 1304 ||| READING scroll labelled MAURGH BEOSCH.
  1308 | D:2      | 1308 ||| DROPPING potion of magic.
  1428 | D:3      | Reached skill level 8 in Ranged Weapons
  1500 | D:3      | Reached XP level 5. HP: 29/29 MP: 7/7
  1545 | D:3      | Noticed Grinder
  1547 | D:3      | 1547 ||| DRINKING potion of haste.
  1559 | D:3      | HP: 4/29 [Grinder/nerve-wracking pain (9)]
  1560 | D:3      | 1560 ||| READING scroll of teleportation.
  1565 | D:3      | 1565 ||| FLEEEEING.
  1566 | D:3      | 1566 ||| FLEEEEING.
  1722 | D:3      | Noticed Jessica
  1723 | D:3      | Killed Jessica
  1751 | D:3      | Reached skill level 9 in Ranged Weapons
  1772 | D:3      | Killed Grinder
  1773 | D:3      | Reached skill level 3 in Fighting
  1773 | D:3      | Reached XP level 6. HP: 37/37 MP: 8/8
  1786 | D:3      | Identified the +4 pair of boots of Elitism {Slay+3}
  2164 | D:3      | 2164 ||| UPGRADING to +4 pair of boots of Elitism {Slay+3}.
  2169 | D:3      | 2169 ||| DROPPING ring of magical power.
  2170 | D:3      | 2170 ||| READING scroll of identify.
  2170 | D:3      | 2170 ||| IDENTIFYING inky potion
  2186 | D:4      | 2186 ||| STAIRDANCE
  2191 | D:3      | Reached skill level 1 in Armour
  2193 | D:4      | 2193 ||| RETREEEEATING.
  2194 | D:4      | 2194 ||| RETREEEEATING.
  2195 | D:4      | 2195 ||| RETREEEEATING.
  2197 | D:4      | 2197 ||| RETREEEEATING.
  2198 | D:4      | 2198 ||| RETREEEEATING.
  2199 | D:4      | 2199 ||| RETREEEEATING.
  2204 | D:4      | Reached XP level 7. HP: 41/41 MP: 9/9
  2231 | D:4      | Reached skill level 10 in Ranged Weapons
  2240 | D:4      | Reached skill level 3 in Dodging
  2366 | D:4      | Noticed Menkaure
  2369 | D:4      | 2369 ||| FLEEEEING.
  2370 | D:4      | 2370 ||| FLEEEEING.
  2383 | D:4      | HP: 7/41 [gnoll sergeant/+0 spear (8)]
  2387 | D:4      | Slain by a gnoll

Levels and vault maps discovered:
D:1:      saegor_arrival_under_anarchy, layout_loops_ring, serial_shops, shop,
          st_stairs_14
D:2:      layout_rooms, serial_shops, nicolae_shop_hallway_stairs,
          kennysheep_generic_room_9, uniq_robin
D:3:      layout_basic, uniq_grinder, uniq_jessica
D:4:      layout_rooms, hangedman_decor_points, dk_rats_in_the_wall,
          uniq_menkaure

Skill      XL: |  1  2  3  4  5  6  7 |
---------------+----------------------+-----
Ranged Weapons | 6 7 8 9 10 | 10.6
Fighting       | 3 |  3.6
Armour         | 1 |  1.8
Dodging        | 3 |  3.2
Stealth        | |  1.2

Action                     |  1- 3 |  4- 6 |  7- 9 || total
---------------------------+-------+-------+-------++-------
   Fire: Shortbow          |   102 |   117 |    51 ||   270
    Use: Scroll            |     3 |     6 |       ||     9
         Potion            |       |     1 |       ||     1
 Armour: Leather armour    |    16 |       |       ||    16
         Ring mail         |    13 |    48 |    15 ||    76
  Dodge: Dodged            |    18 |    29 |    14 ||    61

Table legend:
 A = Non-vault XP
 B = Vault XP
 C = Vault XP percentage of total XP
 D = Non-vault monster count
 E = Vault monster count
 F = Vault count percentage of total count
                 A         B        C        D         E       F
            +---------+---------+-------+---------+---------+-------
      Total |     842 |     365 |  30.2 |      79 |      16 |  16.8
            +---------+---------+-------+---------+---------+-------
        D:1 |      35 |       2 |   5.4 |      24 |       1 |   4.0
        D:2 |      52 |      49 |  48.5 |      15 |      13 |  46.4
        D:3 |     246 |     314 |  56.1 |      24 |       2 |   7.7
        D:4 |     509 |       0 |   0.0 |      16 |       0 |   0.0
            +---------+---------+-------+---------+---------+-------
